Description

저그의 바궤멸 상대로 쓰는 이신형의 바이오닉 + 전차 + 해방선 운영 최적화에 우선으로 초점을 두며 병력보단 업그레이드에 투자. 한방 병력이 나오기 전까지 의료선으로 견제를 해주다가 탱크 1줄이 모이는 순간 진출하여 잘 업그레이된 병력으로 압박을 주는 빌드

최종조합 = 탱크 1줄 + 의료선 1줄 + 해방선(옵션) 2~4 + 나머지 바이오닉

상대가 뮤링링이면 탱크 줄이고 토르, 지뢰 조합.

Build Order

Get SALT Encoding   

  14  0:17  Supply Depot  
  16  0:39  Barracks  
  16  0:43  Refinery  
  18  1:03  Action  가스일꾼
  19  1:25  Reaper  상대방 앞마당 랠리
  20  1:26  Orbital Command  
  20  1:39  Command Center  
  20  1:50  Supply Depot  
  21  1:58  Marine  
  23  2:08  Factory  
  24  2:20  Barracks Reactor  
  25  2:37  Command Center  
  26  2:53  Orbital Command  
  27  2:55  Action  병영,군수 스왑
  27  2:58  Starport  
  27  3:02  Refinery  
  28  3:10  Hellion  2화염차씩 4염차까지
  34  3:28  Barracks Tech Lab  
  38  3:35  Viking  
  44  3:48  Stimpack  
  44  3:51  Orbital Command  
  46  4:05  Starport Reactor  군수반응로포함 2병영 건설
  48  4:10  Barracks x2  
  48  4:15  Factory Tech Lab  
  51  4:21  Supply Depot  이후 보급고 꾸준히
  51  4:29  Engineering Bay x2  
  54  4:36  Siege Tank  
  57  4:41  Refinery x2  
  60  4:51  Marine  이때 부터 해병 뽑기 시작
  60  4:50  Starport Reactor  
  60  4:54  Terran Infantry Weapons Level 1  
  65  5:11  Terran Infantry Armor Level 1  트리플 안착, 보급고 심시티 시작
  76  5:28  Medivac x2  
  79  5:40  Combat Shield  
  87  5:52  Siege Tank  이후 탱크 꾸준히
  98  6:10  Barracks x2  
  98  6:11  Armory  
  100  7:00  Barracks Reactor x2  
  100  7:10  Refinery x2  
  110  7:15  Terran Infantry Weapons Level 2 x2  
  120  7:20  Concussive Shells, Terran Vehicle and Ship Weapons Level 1  
  120  8:00  Command Center  
  130  8:10  Factory  
  200  9:00  Factory Tech Lab  완성되면 2전차씩 뽑기
  180  9:20  Barracks x3  
  200  10:06  Action  3병영 부속건물
  200  10:30  Terran Infantry Weapons Level 3, Terran Infantry Armor Level 3  
Spawning Tool Build Advisor. Get it on Overwolf

Go to:

Details

  • Created by: bookshelf421
  • Published on: Oct 31, 2020
  • Modified on: Oct 31, 2020
  • Patch: 4.11.0
  • Difficulty: Medium
Show
View Real Time Build Order
Export as new Build Order

Comments (0)

There are no comments. Be the first!

Create an account to comment!